 Dungeon Crawl Stone Soup version 0.31-a0-1-g4198be8af4 (webtiles) character file.

Game seed: 10371174778933932716

163 Juicyj the Shield-Bearer (level 5, 0/47 HPs)
             Began as a Minotaur Fighter on May 2, 2023.
             Slain by an ice beast (5 damage)
             ... on level 3 of the Dungeon.
             The game lasted 00:02:20 (1594 turns).

Juicyj the Shield-Bearer (Minotaur Fighter)         Turns: 1594, Time: 00:02:20

Health: 0/47       AC:  7    Str: 23    XL:     5   Next: 20%
Magic:  4/4        EV:  9    Int:  5    God:
Gold:   108        SH:  4    Dex:  9    Spells: 4/4 levels left

rFire   . . .        a - +0 war axe
rCold   . . .        c - +0 buckler
rNeg    . . .        b - +0 scale mail
rPois   .            (helmet restricted)
rElec   .            (no cloak)
rCorr   .            (no gloves)
SInv    .            (no boots)
Will    .....        (no amulet) Stlth
                     (no ring)
HPRegen 0.27/turn    (no ring)
MPRegen 0.09/turn

%: no passive effects
@: no status effects
A: horns 2, retaliatory headbutt
a: no special abilities


You were on level 3 of the Dungeon.
You visited 1 branch of the dungeon, and saw 3 of its levels.

You collected 108 gold pieces.

Inventory:

Hand Weapons
 a - a +0 war axe (weapon)
Missiles
 f - 7 poisoned darts (quivered)
Armour
 b - a +0 scale mail (worn)
 c - a +0 buckler (worn)
Jewellery
 g - an amulet of faith
 h - a ring of flight
 i - a ring of positive energy
Scrolls
 e - 2 scrolls of identify {unknown}
 j - a scroll of enchant armour {unknown}
 k - a scroll of acquirement {unknown}
 m - a scroll of magic mapping {unknown}
Potions
 d - a potion of might
 l - a potion of magic {unknown}


   Skills:
 + Level 4.6 Fighting
 + Level 3.8 Axes
 + Level 1.3 Throwing
 + Level 4.6 Armour
 + Level 4.6 Shields


You had 4 spell levels left.
You didn't know any spells.
Your spell library was empty.

Dungeon Overview and Level Annotations

Branches:
Dungeon (3/15)

Altars:

Shops:
D:2 [


Innate Abilities, Weirdness & Mutations

You have a pair of horns on your head.
You reflexively headbutt those who attack you in melee.


Message History

The hobgoblin shouts!
You hear an angry hiss.
An ice beast comes into view.
The ice beast moves out of view.
A ball python comes into view.
The hobgoblin barely misses you.
The ball python hisses angrily.
You hit the hobgoblin.
You kill the hobgoblin!
You closely miss the ice beast.
The ice beast hits you but does no damage.
You hit the ice beast. Your headbutt misses the ice beast.
The ice beast is lightly wounded.
The ice beast hits you. The ice beast freezes you!
The ice beast barely misses you.
You barely miss the ice beast.
The ice beast is lightly wounded.
The ice beast hits you. The ice beast freezes you.
You hit the ice beast but do no damage.
The ice beast is lightly wounded.
The ice beast hits you. The ice beast freezes you!
You are too injured to fight recklessly!
There are monsters nearby!
You are too injured to fight recklessly!
You slash the ice beast!
The ice beast is heavily wounded.
The ice beast hits you but does no damage.
The ice beast hits you. The ice beast freezes you!
* * * LOW HITPOINT WARNING * * *
You closely miss the ice beast.
The ice beast is heavily wounded.
The ice beast hits you but does no damage.
You closely miss the ice beast.
The ice beast is heavily wounded.
You block the ice beast's attack.
You barely miss the ice beast. You headbutt the ice beast!
The ice beast is almost dead.
The ice beast hits you.
* * * LOW HITPOINT WARNING * * *
The ice beast freezes you.
You die...

##### ## ..##.#
#.# ... ..#.. #.#
.S. #.# #Y# #<#
#@# #.# #.# #<#
##.######## #.#
#.......... #.#
#...#######
#######.###...#
..............#
.#####..###.#.####
#.#.........#


You could see an ice beast and a ball python.

Vanquished Creatures
  A scorpion (D:2)
  An orc wizard (D:3)
  An adder (D:2)
  A dart slug (D:1)
  3 orcs (D:3)
  5 bats
  8 endoplasms
  2 giant cockroaches
  6 goblins
  6 hobgoblins
  8 jackals
  2 quokkas
  5 ball pythons
  A frilled lizard (D:2)
  4 kobolds
  4 rats
58 creatures vanquished.

Notes
Turn   | Place    | Note
-------+----------+-------------------------------------------
     0 | D:1      | Juicyj the Minotaur Fighter began the quest for the Orb.
     0 | D:1      | Reached XP level 1. HP: 19/19 MP: 0/0
    62 | D:1      | Reached XP level 2. HP: 21/27 MP: 1/1
   199 | D:1      | Reached XP level 3. HP: 28/33 MP: 2/2
   694 | D:2      | Noticed a scorpion
   702 | D:2      | Killed a scorpion
   703 | D:2      | Reached skill level 1 in Throwing
   703 | D:2      | Reached XP level 4. HP: 12/41 MP: 3/3
  1010 | D:2      | Found Ekel's Armour Emporium.
  1103 | D:2      | Found a faded altar of an unknown god.
  1504 | D:3      | Reached XP level 5. HP: 47/47 MP: 4/4
  1584 | D:3      | Noticed an ice beast
  1594 | D:3      | Slain by an ice beast

Illustrated notes

Levels and vault maps discovered:
D:1:      lightli_iron_boxes, layout_rooms
D:2:      minmay_recursive_quarters, layout_loops_ring, serial_shops,
          nicolae_shop_waterfront, hellmonk_ecumenical_altar_dog_temple,
          kennysheep_nondescript
D:3:      layout_loops_ring

Skill      XL: |  1  2  3 |
---------------+----------+-----
Fighting       | 4 |  4.6
Armour         | 4 |  4.6
Shields        | 4 |  4.6
Axes           | 3 |  3.8
Throwing       | 1 |  1.3

Action                     |  1- 3 |  4- 6 || total
---------------------------+-------+-------++-------
  Melee: War axe           |    67 |    48 ||   115
         Headbutt          |     8 |     5 ||    13
    Use: Potion            |     1 |       ||     1
 Armour: Scale mail        |    54 |    25 ||    79
  Dodge: Dodged            |    46 |    30 ||    76
  Block: Buckler           |    19 |    15 ||    34

Table legend: (Time is in decaauts)
 A = Elapsed time spent in this place.
 B = Non-inter-level travel time spent in this place.
 C = Inter-level travel time spent in this place.
 D = Time resting spent in this place.
 E = Time spent auto-exploring this place.
 F = Levels seen in this place.
 G = Mean time per level.
                   A        B        C        D        E       F      G
               +--------+--------+--------+--------+--------+-----+--------+
         Total |   1635 |   1579 |     56 |      0 |   1281 |   3 |  545.0 |
       Dungeon |   1635 |   1579 |     56 |      0 |   1281 |   3 |  545.0 |
               +--------+--------+--------+--------+--------+-----+--------+

Top non-repeatable levels by time:
     D:2: 982 daAuts
     D:1: 530 daAuts
     D:3: 122 daAuts
